 Dungeon Crawl Stone Soup version 0.23-a0-655-g3751e1c (webtiles) character file.

2112 galech the Chopper (level 9, -10/68 HPs)
             Began as a Demonspawn Fighter on Jan 7, 2019.
             Was a Follower of Okawaru.
             Mangled by an orc warrior
             ... wielding a +0 glaive
              (15 damage)
             ... in a bailey.
             The game lasted 00:07:21 (5936 turns).

galech the Chopper (Demonspawn Fighter)             Turns: 5936, Time: 00:07:21

Health: -10/68     AC:  8    Str: 21    XL:     9   Next: 8%
Magic:  9/9        EV:  9    Int: 10    God:    Okawaru [*.....]
Gold:   419        SH: 10    Dex: 16    Spells: 8/8 levels left

rFire    . . .     SeeInvis .   a - +0 war axe
rCold    . . .     Gourm    .   c - +0 shield
rNeg     + . .     Faith    +   b - +0 scale mail
rPois    .         Spirit   .   (helmet restricted)
rElec    .         Reflect  .   (no cloak)
rCorr    .         Harm     .   (no gloves)
MR       +....                  y - +0 pair of boots
Stlth    ..........             w - amulet of faith
HPRegen  0.21/turn              o - ring of protection from magic
MPRegen  0.11/turn              p - ring of positive energy

@: mighty
A: horns 2, demonic guardian 1, powered by pain 2
a: Heroism, Renounce Religion


You were in a bailey.
You worshipped Okawaru.
Okawaru was aware of your devotion.
You were not hungry.

You visited 2 branches of the dungeon, and saw 8 of its levels.
You also visited: Bailey.

You collected 419 gold pieces.

Inventory:

Hand Weapons
 a - a +0 war axe (weapon)
Armour
 b - a +0 scale mail (worn)
 c - a +0 shield (worn)
 y - a +0 pair of boots (worn)
Jewellery
 l - an uncursed amulet of magic regeneration
 o - a ring of protection from magic (left hand)
 p - a ring of positive energy (right hand)
 w - an amulet of faith (around neck)
Scrolls
 e - 3 scrolls of magic mapping
 h - 5 scrolls of teleportation
 i - 2 scrolls of immolation {unknown}
 m - 4 scrolls of remove curse
 n - a scroll of amnesia {unknown}
 q - 5 scrolls of identify {unknown}
 u - a scroll of enchant weapon {unknown}
 v - a scroll of blinking {unknown}
 x - 3 scrolls of enchant armour {unknown}
 z - a scroll of summoning {unknown}
 A - a scroll of fear {unknown}
Potions
 g - a potion of degeneration {unknown}
 j - 2 potions of flight
 k - a potion of heal wounds
 r - a potion of cancellation {unknown}
 s - a potion of invisibility {unknown}
 t - a potion of agility {unknown}
Comestibles
 f - 7 rations
 B - 2 chunks of flesh


   Skills:
 + Level 5.3 Fighting
 + Level 7.1 Axes
 + Level 5.5 Armour
 + Level 2.7 Dodging
 + Level 0.8 Stealth
 + Level 5.4 Shields


You had 8 spell levels left.
You didn't know any spells.
Your spell library was empty.

Dungeon Overview and Level Annotations

Branches:
Dungeon (7/15)             Temple (1/1) D:6

Altars:
Cheibriados
Elyvilon
Fedhas
Gozag
Makhleb
Okawaru
Qazlal
Sif Muna
Xom
Zin

Shops:
D:5 :

Annotations:
D:5 2 transporters


Innate Abilities, Weirdness & Mutations

You have a pair of horns on your head.
A weak demonic guardian rushes to your aid.
You sometimes gain power by taking damage.


Message History

You hit the orc. You slash the orc!
You kill the orc!
Okawaru accepts your kill. The orc barely misses you.
The orc hits you but does no damage. You block the orc's attack.
The orc warrior hits you with a +0 glaive.
* * * LOW HITPOINT WARNING * * *
You block the orc's attack.
You hit the orc warrior.
The orc warrior is almost dead.
You barely miss the orc. The orc hits you but does no damage.
You block the orc's attack. x2
The orc warrior hits you with a +0 glaive!
* * * LOW HITPOINT WARNING * * *
You closely miss the orc warrior.
The orc warrior is almost dead.
You barely miss the orc. The orc barely misses you. You block the orc's attack.
The orc misses you.
The orc warrior hits you with a +0 glaive!
You die...

#o..#
###'###
##.....##
#.......#
#.......#
#.......#
#...o...#
#o)oo...#
#))@))..#
#.))))..#
#..)))..#
#∩.....∩#
#.......#
##..∩..##
#######


You could see an orc warrior and 3 orcs.

Vanquished Creatures
  Pikel (D:5)
  Sigmund (D:3)
  An ice beast (D:6)
  3 phantoms
  2 slaves (D:5)
  A sky beast (D:2)
  A bullfrog (D:6)
  A scorpion (D:6)
  A howler monkey (D:6)
  A crimson imp (D:6)
  A bullfrog zombie (D:6)
  A quasit (D:7)
  A centaur zombie (D:5)
  A hound (D:5)
  A jelly (D:5)
  4 orc wizards
  Jessica (D:3)
  An iguana (D:6)
  6 worker ants
  A worker ant zombie (D:7)
  10 adders
  An ooze (D:1)
  An adder skeleton (D:7)
  A worm (D:2)
  2 dart slugs
  3 leopard geckos
  27 orcs
  A ball python (D:2)
  4 giant cockroaches
  8 goblins
  4 hobgoblins
  9 jackals
  3 quokkas
  16 bats
  5 frilled lizards
  4 kobolds
  A quokka skeleton (D:4)
  9 rats
140 creatures vanquished.

Vanquished Creatures (collateral kills)
  2 orc warriors (Bailey)
  A scorpion (D:4)
  3 orcs
  3 jackals (D:3)
  A kobold (D:2)
  A rat (D:3)
11 creatures vanquished.

Vanquished Creatures (others)
  A slave (D:5)
  A crimson imp (D:5)
  An adder (D:5)
3 creatures vanquished.

Grand Total: 154 creatures vanquished

Notes
Turn   | Place    | Note
-------+----------+-------------------------------------------
     0 | D:1      | galech the Demonspawn Fighter began the quest for the Orb.
     0 | D:1      | Reached XP level 1. HP: 18/18 MP: 1/1
   113 | D:1      | Gained mutation: A weak demonic guardian rushes to your
                  | aid. [demonic ancestry]
   113 | D:1      | Reached XP level 2. HP: 24/24 MP: 2/2
   162 | D:1      | Reached skill level 2 in Axes
   213 | D:1      | Found a deep blue altar of Sif Muna.
   332 | D:1      | Found a blossoming altar of Fedhas.
   335 | D:1      | Found a sacrificial altar of Ru.
   335 | D:1      | Found a shimmering altar of Xom.
   337 | D:1      | Found a snail-covered altar of Cheibriados.
   337 | D:1      | Found a burning altar of Makhleb.
   337 | D:1      | Found a shimmering altar of Xom.
   629 | D:2      | Gained mutation: You have a pair of small horns on your
                  | head. [demonic ancestry]
   629 | D:2      | Reached XP level 3. HP: 28/29 MP: 3/3
  1161 | D:2      | Noticed a sky beast
  1169 | D:2      | Killed a sky beast
  1169 | D:2      | Reached skill level 3 in Axes
  1169 | D:2      | Gained mutation: You have a pair of horns on your head.
                  | [demonic ancestry]
  1169 | D:2      | Reached XP level 4. HP: 27/37 MP: 4/4
  1278 | D:2      | Gained mutation: You sometimes gain a little power by
                  | taking damage. [demonic ancestry]
  1278 | D:2      | Reached XP level 5. HP: 42/42 MP: 5/5
  1561 | D:2      | You fall through a shaft!
  1743 | D:3      | Noticed Jessica
  1747 | D:3      | Killed Jessica
  1747 | D:3      | Reached skill level 1 in Dodging
  2098 | D:3      | Found a burning altar of Makhleb.
  2293 | D:3      | Noticed Sigmund
  2318 | D:3      | Killed Sigmund
  2318 | D:3      | Reached XP level 6. HP: 17/48 MP: 6/6
  2841 | D:4      | Reached skill level 4 in Axes
  2894 | D:4      | Reached XP level 7. HP: 48/54 MP: 7/7
  3029 | D:4      | Found an opulent altar of Gozag.
  3441 | D:5      | Entered Level 5 of the Dungeon
  3441 | D:5      | Found Siefeucu's Book Emporium.
  3511 | D:5      | Reached skill level 5 in Axes
  3535 | D:5      | Noticed Pikel
  3733 | D:5      | Killed Pikel
  3733 | D:5      | Gained mutation: You sometimes gain power by taking damage.
                  | [demonic ancestry]
  3733 | D:5      | Reached XP level 8. HP: 14/61 MP: 8/8
  4107 | D:5      | Reached skill level 6 in Axes
  4193 | D:5      | Found a transporter.
  4193 | D:5      | Noticed a slime creature
  4194 | D:5      | Found a snail-covered altar of Cheibriados.
  4247 | D:5      | Found a transporter.
  4365 | D:5      | Reached skill level 5 in Fighting
  4365 | D:5      | Reached skill level 5 in Armour
  4880 | D:6      | Reached skill level 5 in Shields
  4882 | D:6      | Noticed an air elemental
  4941 | D:6      | Found a staircase to the Ecumenical Temple.
  4963 | Temple   | Entered the Ecumenical Temple
  4975 | Temple   | Became a worshipper of Warmaster Okawaru
  5080 | D:6      | Found a stormy altar of Qazlal.
  5715 | D:7      | Found a flagged portal.
  5725 | Bailey   | Entered a bailey
  5926 | Bailey   | Reached XP level 9. HP: 61/68 MP: 9/9
  5932 | Bailey   | Reached * piety under Okawaru
  5932 | Bailey   | Reached skill level 7 in Axes
  5936 | Bailey   | Mangled by an orc warrior

Vault maps used:
D:1:      minmay_arrival_semitransparent, kennysheep_flooded_box,
          doesnt_xom_only_xom
D:3:      minmay_spotlight, old_standard_altar, first_ration, uniq_sigmund,
          uniq_jessica
D:4:      nicolae_gozag_cash_rules_everything_around_me
D:5:      gammafunk_temple_overflow_arena, serial_shops, nicolae_shop_stone,
          uniq_pikel
D:6:      temple_green, nicolae_qazlal_style_of_elements
D:7:      vehumet_statue, enter_bailey_2, grunt_livestock, st_stairs_3
Temple:   nicolae_temple_god_jail
Bailey:   bailey_polearm_5, bailey

Skill      XL: |  1  2  3  4  5  6  7  8  9 |
---------------+----------------------------+-----
Axes           | 2 3 4 5 6 7 |  7.1
Shields        | 3 4 5 |  5.4
Armour         | 3 4 5 |  5.5
Dodging        | 1 2 |  2.7
Fighting       | 4 5 |  5.3
Stealth        | |  0.8

Action                   |  1- 3 |  4- 6 |  7- 9 || total
-------------------------+-------+-------+-------++-------
Melee: War axe           |    89 |   145 |   265 ||   499
       Headbutt          |    10 |    30 |    47 ||    87
  Use: Scroll            |       |       |     5 ||     5
       Potion            |       |       |     4 ||     4
 Stab: Distracted        |       |     1 |       ||     1
  Eat: Chunk             |     1 |     6 |    10 ||    17
Armor: Scale mail        |    70 |    61 |   109 ||   240
Dodge: Dodged            |    36 |    63 |   113 ||   212
Block: Shield            |    46 |    75 |   179 ||   300

Table legend:
 A = Non-vault XP
 B = Vault XP
 C = Vault XP percentage of total XP
 D = Non-vault monster count
 E = Vault monster count
 F = Vault count percentage of total count
                 A         B        C        D         E       F
            +---------+---------+-------+---------+---------+-------
      Total |    1786 |    1232 |  40.8 |     121 |      28 |  18.8
            +---------+---------+-------+---------+---------+-------
        D:1 |      39 |       0 |   0.0 |      19 |       0 |   0.0
        D:2 |     179 |       0 |   0.0 |      27 |       0 |   0.0
        D:3 |      92 |     256 |  73.6 |      23 |       8 |  25.8
        D:4 |     472 |       0 |   0.0 |      18 |       0 |   0.0
        D:5 |     314 |     697 |  68.9 |      11 |       1 |   8.3
        D:6 |     625 |       0 |   0.0 |      20 |       0 |   0.0
        D:7 |      65 |       0 |   0.0 |       3 |       0 |   0.0
     Bailey |       0 |     279 | 100.0 |       0 |      19 | 100.0
            +---------+---------+-------+---------+---------+-------
